 Dungeon Crawl Stone Soup version 0.32-a0-391-gce5c0aab1b (webtiles) character file.

Game seed: 379284048186319433

416 Goblin1989 the Sneak (level 6, -1/44 HPs)
             Began as a Coglin Brigand on Feb 19, 2024.
             Slain by a goblin
             ... wielding a +1 dagger of speed
             ... led by Robin
              (3 damage)
             ... on level 2 of the Dungeon.
             The game lasted 00:08:44 (2363 turns).

Goblin1989 the Sneak (Coglin Brigand)               Turns: 2363, Time: 00:08:45

Health: -1/44      AC:  4    Str: 12    XL:     6   Next: 92%
Magic:  6/6        EV: 11    Int:  8    God:
Gold:   121        SH:  0    Dex: 17    Spells: 5/5 levels left

rFire   . . .        j - +1 dagger (venom) {Guillermo}
rCold   . . .        f - +1 short sword (elec) {Qiuyue}
rNeg    . . .        b - +0 robe
rPois   .            (helmet restricted)
rElec   .            c - +0 cloak
rCorr   .            (no gloves)
SInv    .            (no boots)
Will    .....        (no amulet)
Stlth   +++          (no ring)
HPRegen 0.27/turn    (no ring)
MPRegen 0.10/turn

%: no passive effects
@: attractive
A: off-hand wielding, slow wielding, warmup strikes, warmup strides, horns 1,
dopey 1, shaggy fur 1, subdued magic 1
a: no special abilities


You were on level 2 of the Dungeon.
You visited 1 branch of the dungeon, and saw 4 of its levels.

You collected 121 gold pieces.

Inventory:

Hand Weapons
 a - a +2 dagger {Arun}
 f - a +1 short sword of electrocution (worn) {Qiuyue}
 j - a +1 dagger of venom (weapon) {Guillermo}
Missiles
 d - 8 poisoned darts (quivered)
 e - 3 curare-tipped darts
 k - 6 atropa-tipped darts
Armour
 b - a +0 robe (worn)
 c - a +0 cloak (worn)
Wands
 u - a wand of iceblast (13) {@v5}
Scrolls
 h - 3 scrolls of noise {unknown}
 m - a scroll of revelation {unknown}
 o - a scroll of torment {unknown}
 q - a scroll of identify {unknown}
 s - 2 scrolls of teleportation {unknown}
 t - a scroll of fear {unknown}
Potions
 p - a potion of mutation {!q}


   Skills:
 - Level 2.0 Fighting
 + Level 4.7 Short Blades
 - Level 1.7 Throwing
 - Level 0.8 Dodging
 + Level 5.5 Stealth


You had 5 spell levels left.
You didn't know any spells.
Your spell library contained the following spells:

 Spells                   Type           Power      Damage    Failure   Level
 Summon Small Mammal      Summ           0%         N/A       36%         1
 Call Canine Familiar     Summ           0%         N/A       75%         3
 Summon Blazeheart Golem  Fire/Summ      0%         N/A       99%         4


Dungeon Overview and Level Annotations

Branches:
Dungeon (4/15) Zot: 21574
 Temple: D:4-7

Altars:

Annotations:
D:2 Sigmund


Innate Abilities, Weirdness & Mutations

You can wield a second weapon in your off-hand.
It takes a long time for you to wield or remove held weapons.
Your first few attacks do less damage.
Your first movements take longer.
You have a pair of small horns on your head.
You are dopey. (Int -2)
You are covered in fur. (AC +1)
Your spells are a little easier to cast, but a little less powerful.


Message History

The stream of webbing hits something but does no damage.
Something you can't see is thrashing in a web.
The ribbon worm expels a string of sticky webbing.
The stream of webbing misses you. Something hits you.
You take 2 damage, and have 24/44 hp.
The hobgoblin no longer looks unusually strong.
You hear some strange, mumbled words.
You are confused.
You barely miss something with your +1 short sword of electrocution.
You hit something but do no damage. Something hits you!
* * * LOW HITPOINT WARNING * * *
You take 11 damage, and have 14/44 hp.
MASSIVE DAMAGE!!
You bump into the rock wall.
The goblin no longer looks unusually strong.
The ribbon worm expels a string of sticky webbing.
The stream of webbing hits something but does no damage.
You're too confused to move!
You hear some strange, mumbled words.
A magic dart appears from out of thin air!
The magic dart hits you.
* * * LOW HITPOINT WARNING * * *
Something you can't see is thrashing in a web.
You take 5 damage, and have 9/44 hp.
You bump into the rock wall.
You feel less confused. Something hits you.
* * * LOW HITPOINT WARNING * * *
You take 3 damage, and have 7/44 hp.
You hear some strange, mumbled words.
Something tries to affect you, but you resist.
You hear some strange, mumbled words.
Something tries to affect you, but you resist.
It was a potion of enlightenment.
You feel very buoyant.
You fly up into the air.
It was a potion of invisibility.
You fade into invisibility!
Something hits you.
* * * LOW HITPOINT WARNING * * *
You take 1 damage, and have 7/44 hp.
It was a potion of cancellation.
Your magical effects are unravelling.
You feel magically purged.
You float gracefully downwards.
You flicker back into view.
Your enlightenment fades.
It was a potion of attraction.
You feel attractive to monsters. Something hits you.
* * * LOW HITPOINT WARNING * * *
Something is attracted toward you.
You take 1 damage, and have 6/44 hp.
It was a potion of mutation.
You feel extremely strange.
You feel stupid.
Your connection to magic feels subdued.
Fur sprouts all over your body. A pair of horns grows on your head!
Something hits you.
* * * LOW HITPOINT WARNING * * *
You take 5 damage, and have 1/44 hp.
You are too injured to fight recklessly!
It was a potion of heal wounds.
You feel much better.
You regained 24 hp, and now have 25/44 hp.
You closely miss something with your +1 short sword of electrocution.
You headbutt something.
You closely miss something with your +1 dagger of venom.
Something hits you!
* * * LOW HITPOINT WARNING * * *
You take 9 damage, and have 16/44 hp.
MASSIVE DAMAGE!!
Something hits you!
* * * LOW HITPOINT WARNING * * *
The ribbon worm expels a string of sticky webbing.
The stream of webbing hits you but does no damage.
You are caught in a web!
Something is attracted toward you. The goblin is attracted toward you.
There is a web here.
You take 6 damage, and have 10/44 hp.
The web tears apart.
Sigmund appears from thin air!
Reactivating autopickup.
Sigmund looks at you with fury. Sigmund hits you with a +0 scythe.
* * * LOW HITPOINT WARNING * * *
You take 5 damage, and have 5/44 hp.
Sigmund points at you and mumbles some strange words.
You are confused.
The goblin hits you but does no damage. x2
Sigmund closely misses you.
You're too confused to move!
Sigmund hits you but does no damage.
The goblin hits you with a +1 dagger of speed.
* * * LOW HITPOINT WARNING * * *
You take 1 damage, and have 5/44 hp.
You bump into the rock wall.
The goblin hits you but does no damage. The goblin barely misses you.
You're too confused to move!
Sigmund hits you but does no damage.
The goblin hits you with a +1 dagger of speed.
* * * LOW HITPOINT WARNING * * *
You take 1 damage, and have 4/44 hp.
You feel less confused. The goblin attacks as it pursues you!
The goblin hits you but does no damage. x2
Sigmund hits you from afar with a +0 scythe.
* * * LOW HITPOINT WARNING * * *
The goblin hits you with a +1 dagger of speed.
You die... █.....████.................█ █.███.████)....████...██..███████ █..........█.█............██..... █............██████...███....████ ..........)█.███████.██ ██████ .█.██.██...†.ggw{.g..█ .█.██.██.█.█.██████..█ ██████

.█.█ █
█...██████..█
█....† .█.█
........@g@w.█
█.████ ██.█
........█████g██
█.█ .█ █....█.██
█.█ █.█ >.
..█....█ █.█ █.█
██...██.█ █.█
█.█ █.████████.█
█..........█
██████████.█ █.█


You could see Sigmund, a ribbon worm, a hobgoblin and a goblin.

Vanquished Creatures
  A lemure (D:4)
  A howler monkey (D:2)
  A jelly (D:4)
  A gnoll bouda (D:4)
  2 iguanas (D:4)
  An orc wizard (D:4)
  Robin (D:2)
  8 gnolls
  An adder (D:4)
  3 dart slugs
  2 orcs (D:4)
  4 endoplasms
  2 giant cockroaches
  2 hobgoblins
  11 jackals
  3 quokkas
  9 ball pythons
  3 bats
  3 frilled lizards (D:2)
  12 goblins
  5 kobolds
  9 rats
85 creatures vanquished.

Notes
Turn   | Place    | Note
-------+----------+-------------------------------------------
     0 | D:1      | Goblin1989 the Coglin Brigand began the quest for the Orb.
     0 | D:1      | Reached XP level 1. HP: 16/16 MP: 1/1
    91 | D:1      | Reached XP level 2. HP: 22/22 MP: 2/2
   106 | D:1      | Found a faded altar of an unknown god.
   227 | D:1      | Reached XP level 3. HP: 25/27 MP: 3/3
   638 | D:1      | Reached skill level 4 in Stealth
  1022 | D:2      | Reached XP level 4. HP: 32/33 MP: 4/4
  1027 | D:2      | Noticed Robin
  1281 | D:2      | You fall into a shaft and drop 2 floors!
  1308 | D:4      | Reached XP level 5. HP: 21/38 MP: 5/5
  1638 | D:4      | Reached skill level 5 in Stealth
  1638 | D:4      | Reached XP level 6. HP: 22/44 MP: 6/6
  2318 | D:2      | Noticed Sigmund
  2335 | D:2      | Killed Robin
  2353 | D:2      | Gained mutation: You are dopey. (Int -2) [potion of
                  | mutation]
  2353 | D:2      | Gained mutation: Your spells are a little easier to cast,
                  | but a little less powerful. [potion of mutation]
  2353 | D:2      | Gained mutation: You are covered in fur. (AC +1) [potion of
                  | mutation]
  2353 | D:2      | Gained mutation: You have a pair of small horns on your
                  | head. [potion of mutation]
  2353 | D:2      | HP: 1/44 [something (6)]
  2363 | D:2      | HP: 2/44 [Sigmund/+0 scythe (3)]
  2363 | D:2      | Slain by a goblin

Illustrated notes

Levels and vault maps discovered:
D:1:      dpeg_arrival_ratfight, layout_loops_ring,
          ebering_ecumenical_altar_sacrificial, minmay_misc_feat_hallway,
          st_stairs_13
D:2:      layout_loops_ring, st_stairs_4, uniq_robin, uniq_sigmund
D:3:      layout_basic, chequers_serial_rivers_small_b
D:4:      layout_cave_pools, serial_shops, nicolae_shop_pleasant_corner_grove,
          uniq_crazy_yiuf_cottage, uniq_pikel

Skill      XL: |  1  2  3  4  5 |
---------------+----------------+-----
Short Blades   | 2 3 4 |  4.7
Stealth        | 4 5 |  5.5
Fighting       | |  2.0
Throwing       | |  1.7
Dodging        | |  0.8

Action                     |  1- 3 |  4- 6 || total
---------------------------+-------+-------++-------
  Melee: Dagger            |    58 |   117 ||   175
         Short sword       |    36 |   123 ||   159
         Headbutt          |       |     1 ||     1
  Throw: Dart              |       |     5 ||     5
    Use: Potion            |       |     6 ||     6
   Stab: Sleeping          |     9 |     2 ||    11
         Distracted        |     1 |       ||     1
 Armour: Robe              |    24 |   104 ||   128
  Dodge: Dodged            |    28 |    98 ||   126

Table legend: (Time is in decaauts)
 A = Elapsed time spent in this place.
 B = Non-inter-level travel time spent in this place.
 C = Inter-level travel time spent in this place.
 D = Time resting spent in this place.
 E = Time spent auto-exploring this place.
 F = Levels seen in this place.
 G = Mean time per level.
                   A        B        C        D        E       F      G
               +--------+--------+--------+--------+--------+-----+--------+
         Total |   2423 |   2274 |    149 |    403 |    940 |   4 |  605.8 |
       Dungeon |   2423 |   2274 |    149 |    403 |    940 |   4 |  605.8 |
               +--------+--------+--------+--------+--------+-----+--------+

Top non-repeatable levels by time:
     D:1: 988 daAuts
     D:4: 746 daAuts
     D:2: 585 daAuts
     D:3: 102 daAuts
